 Dungeon Crawl Stone Soup version 0.30-a0-996-ga6910c8ee8 (webtiles) character file.

Game seed: 12195707919941655830

36253 Zeldest the Geomancer (level 13, -3/162 HPs)
             Began as a Green Draconian Reaver on Apr 5, 2023.
             Was a Priest of Ashenzari.
             Slain by a 17-headed hydra (10 damage)
             ... on level 3 of the Lair of Beasts.
             The game lasted 01:07:00 (20028 turns).

Zeldest the Geomancer (Green Draconian Reaver)     Turns: 20028, Time: 01:07:00

Health: -3/162     AC: 14    Str: 18    XL:     13   Next: 52%
Magic:  19/19      EV: 12    Int: 20    God:    Ashenzari [***...]
Gold:   1676       SH:  0    Dex:  9    Spells: 12/20 levels left

rFire   + . .      SeeInvis +    m - +7 broad axe of Weelul Hiega {vamp, rElec Str+4 SInv}
rCold   . . .      Faith    .    (no shield)
rNeg    . . .      Spirit   .    (body armour unavailable)
rPois   +          Reflect  .    (helmet restricted)
rElec   +          Rampage  .    R - +0 cloak "Cryptic Regret" {Elem, Alch} (curse)
rCorr   .          Clarity  +    (no gloves)
Will    .....                    J - +0 pair of boots of Ashenzari's Pleiades {Range, Evo} (curse) Stlth
                                 p - amulet of Desmomancy {Acrobat, Elem, Comp} (curse)
HPRegen 0.47/turn                j - ring "Gaze Upon Infinity" {rF+, Elem, Melee} (curse)
MPRegen 0.16/turn                k - ring "Shattered Cynicism" {AC+4, Alch, Range} (curse)

@: berserking (expiring), studying Long Blades, very quick
A: breathe noxious fumes, AC +8, unfitting armour, poison resistance,
cold-blooded
a: Breathe Noxious Fumes, Renounce Religion, Shatter the Chains


You were on level 3 of the Lair of Beasts.
You worshipped Ashenzari.
Ashenzari was most pleased with you.
You visited 3 branches of the dungeon, and saw 16 of its levels.
You also visited: Ossuary.

You collected 1871 gold pieces.
You spent 195 gold pieces at shops.

Inventory:

Hand Weapons
 m - the +7 broad axe of Weelul Hiega (weapon) {vamp, rElec Str+4 SInv}
   (You found it on level 3 of the Lair of Beasts)

   Str:       It affects your strength (+4).
   rElec:     It insulates you from electricity.
   SInv:      It lets you see invisible.
Armour
 J - the cursed +0 pair of boots of Ashenzari's Pleiades (worn) {Range, Evo}
   (You found it on level 7 of the Dungeon)

   It has a curse which improves the following skills: Ranged Combat: Ranged
   Weapons and Throwing.
   Evocations: Evocations.
 O - a scarf of invisibility
 R - the cursed +0 cloak "Cryptic Regret" (worn) {Elem, Alch}
   (You found it on level 9 of the Dungeon)

   It has a curse which improves the following skills: Elements: Fire Magic, Ice
   Magic, Air Magic and Earth Magic.
   Alchemy:   Poison Magic and Transmutations.
Magical Staves
 I - the staff of cold "Hyfayqotz" {rC+ Dex+5}
   (You found it on level 8 of the Dungeon)

   [staff of cold]

   Base accuracy: +5 Base damage: 5 Base attack delay: 1.2 This weapon's minimum
   attack delay (0.6) is reached at skill level 12.
   Dex:       It affects your dexterity (+5).
   rC:        It protects you from cold.
   It falls into the 'Staves' category.
   It is a one-handed weapon.
Jewellery
 j - the cursed ring "Gaze Upon Infinity" (left hand) {rF+, Elem, Melee}
   (You found it on level 2 of the Dungeon)

   [ring of protection from fire]

   rF:        It protects you from fire.
   It has a curse which improves the following skills: Elements: Fire Magic, Ice
   Magic, Air Magic and Earth Magic.
   Melee Combat: Short Blades, Long Blades, Axes, Maces & Flails, Polearms,
   Staves and Unarmed Combat.
 k - the cursed ring "Shattered Cynicism" (right hand) {AC+4, Alch, Range}
   (You found it on level 2 of the Dungeon)

   [ring of protection]

   AC:        It affects your AC (+4).
   It has a curse which improves the following skills: Alchemy: Poison Magic and
   Transmutations.
   Ranged Combat: Ranged Weapons and Throwing.
 p - the cursed amulet of Desmomancy (around neck) {Acrobat, Elem, Comp}
   (You found it on level 7 of the Dungeon)

   [amulet of the acrobat]

   It increases your evasion while moving and waiting.
   It has a curse which improves the following skills: Elements: Fire Magic, Ice
   Magic, Air Magic and Earth Magic.
   Companions: Summonings and Necromancy.
 L - a ring of resist corrosion
Wands
 q - a wand of acid (1)
 u - a wand of iceblast (15)
 E - a wand of flame (25)
 S - a wand of paralysis (9)
Scrolls
 d - 7 scrolls of noise
 l - 3 scrolls of immolation
 n - 6 scrolls of fog
 t - 3 scrolls of amnesia
 y - 2 scrolls of poison
 D - a scroll of teleportation
 K - 4 scrolls of enchant armour
 N - a scroll of silence
 Q - 2 scrolls of magic mapping
Potions
 c - 6 potions of flight
 f - a potion of berserk rage
 g - 4 potions of heal wounds
 h - 2 potions of magic
 i - 6 potions of lignification
 r - 2 potions of cancellation
 v - a potion of ambrosia
 x - 3 potions of attraction
 z - 4 potions of invisibility
 A - a potion of brilliance
 B - 6 potions of mutation
 G - 3 potions of curing
 M - 3 potions of haste
 P - 2 potions of resistance
Miscellaneous
 F - a box of beasts (inert)


   Skills:
 - Level 8.4 Fighting
 + Level 8.8(10.3) Axes
 - Level 9.2(11.4) Ranged Weapons
 - Level 3.9 Dodging
 - Level 4.4 Spellcasting
 + Level 12.1 Conjurations
 - Level 1.4 Hexes
 + Level 12.2(15.1) Earth Magic
 - Level 4.2(5.6) Evocations


You had 12 spell levels left.
You knew the following spells:

 Your Spells              Type           Power      Damage    Failure   Level
a - Stone Arrow           Conj/Erth      100%       3d13      1%          3
b - Kiss of Death         Conj/Necr      100%       2d13      1%          1
c - Leda's Liquefaction   Hex/Erth       18%        N/A       4%          4

Your spell library contained the following spells:

 Spells                   Type           Power      Damage    Failure   Level
 Shock                    Conj/Air       100%       1d9       1%          1
 Momentum Strike          Conj/Tloc      56%        3d9       1%          2
 Hailstorm                Conj/Ice       29%        3d8       2%          3
 Flame Wave               Conj/Fire      29%        2d9       10%         4
 Scorch                   Fire           12%        2d6       16%         2
 Portal Projectile        Hex/Tloc       14%        N/A       28%         3
 Swiftness                Air            6%         N/A       30%         3
 Call Canine Familiar     Summ           5%         N/A       34%         3
 Airstrike                Air            3%         2d(1-17)  71%         4
 Summon Lightning Spire   Summ/Air       5%         N/A       73%         4
 Lehudib's Crystal Spear  Conj/Erth      28%        10d7      97%         8
 Summon Cactus Giant      Summ           2%         N/A       100%        6
 Storm Form               Tmut/Air       2%         N/A       100%        7
 Maxwell's Capacitive Co  Air            3%         ∞         100%        8
 Animate Armour           Summ/Erth      Unusable   N/A       N/A         4

Dungeon Overview and Level Annotations

Branches:
Dungeon (12/15) Zot: 26979  Temple (1/1) D:5 Zot: 5783    Lair (3/5) D:11 Zot: 10669
  Swamp (0/4) Lair:3       Spider (0/4) Lair:3          Orc (0/2) D:11
Ossuary (visited)

Altars:
Ashenzari
Cheibriados
Dithmenos
Elyvilon
Fedhas
Gozag
Hepliaklqana
Kikubaaqudgha
Makhleb
Nemelex Xobeh
Okawaru
Qazlal
Ru
Sif Muna
Trog
Uskayaw
Vehumet
Wu Jian
Xom
Yredelemnul
Zin
The Shining One

Shops:
D:1 *   D:7 !

Annotations:
D:10 Gastronok
Temple 2 transporters
Lair:3 CornPuffBuddha's ghost, journeyman DrBe


Innate Abilities, Weirdness & Mutations

You can breathe blasts of noxious fumes.
Your lurid green scales are hard. (AC +8)
You cannot fit into any form of body armour.
Your system is resistant to poisons. (rPois)
You are cold-blooded and may be slowed by cold attacks.


Message History

The 14-headed hydra misses you.
You chop one of the 14-headed hydra's heads off!
The 13-headed hydra grows two more!
You slice the 15-headed hydra!!
The 15-headed hydra is heavily wounded.
You chop one of the 15-headed hydra's heads off!
The 14-headed hydra grows two more!
You slash the 16-headed hydra!
The 16-headed hydra is heavily wounded.
The 16-headed hydra closely misses you.
The 16-headed hydra completely misses you.
The 16-headed hydra bites you but does no damage. x2
The 16-headed hydra bites you.
The 16-headed hydra bites you but does no damage.
The 16-headed hydra bites you!
* * * LOW HITPOINT WARNING * * *
The 16-headed hydra bites you.
* * * LOW HITPOINT WARNING * * *
The 16-headed hydra closely misses you. The 16-headed hydra barely misses you.
The 16-headed hydra bites you but does no damage.
The 16-headed hydra bites you!
* * * LOW HITPOINT WARNING * * *
The 16-headed hydra misses you. The 16-headed hydra bites you.
* * * LOW HITPOINT WARNING * * *
The 16-headed hydra bites you but does no damage.
The 16-headed hydra bites you!
* * * LOW HITPOINT WARNING * * *
You chop one of the 16-headed hydra's heads off!
The 15-headed hydra grows two more!
You slice the 17-headed hydra!!
You feel better.
Your tail-slap misses the 17-headed hydra.
The 17-headed hydra is severely wounded.
The 17-headed hydra bites you!
* * * LOW HITPOINT WARNING * * *
The 17-headed hydra bites you!
* * * LOW HITPOINT WARNING * * *
The 17-headed hydra bites you!
* * * LOW HITPOINT WARNING * * *
The 17-headed hydra bites you.
* * * LOW HITPOINT WARNING * * *
The 17-headed hydra bites you!
You die...

* * ###### ,,
###†...###
#.@D.....#
#....#†###..###
#...#####
##...## ###
#....#
#.#D.#### #
##.#..#.## #
##.#..#.###
##.#..#.##
####..###


You could see a 17-headed hydra.

Vanquished Creatures
  Rupert (Lair:3)
  Nessos (Lair:3)
  3 hydras
  A two-headed ogre (D:10)
  2 boulder beetles
  14 death yaks
  2 skysharks (Lair:2)
  A cyclops (D:8)
  3 manticores (D:11)
  Joseph (D:7)
  A black mamba (Lair:2)
  A gargoyle (D:11)
  Psyche (D:10)
  5 cane toads
  3 rime drakes
  5 komodo dragons
  A hornet (D:9)
  4 blink frogs (Lair:1)
  Sigmund (D:3)
  4 wraiths
  33 yaks
  Grum (D:11)
  2 basilisks
  2 wyverns
  3 steam dragons (D:9)
  2 vampire mosquitoes (D:11)
  Edmund (D:4)
  10 water moccasins
  Duvessa (D:4)
  3 orc warriors
  4 ice beasts
  7 black bears
  2 centaurs
  An ogre (D:5)
  15 wolves
  A phantom (D:4)
  2 kobold brigands
  An elf zombie (Ossuary)
  9 bullfrogs
  A gnoll sergeant (D:5)
  3 scorpions (D:6)
  5 wights (D:8)
  Dowan (D:4)
  23 killer bees
  A howler monkey (D:9)
  4 hounds
  5 orc priests
  2 gnoll boudas (D:5)
  2 jellies
  4 iguanas
  6 hell rats
  12 orc wizards
  3 mummies
  11 adders
  6 gnolls (D:5)
  2 shadow imps
  2 white imps
  3 ufetubi
  A worm (D:4)
  3 dart slugs
  29 orcs
  4 bats
  11 endoplasms
  5 gnoll zombies (Ossuary)
  7 goblins
  11 hobgoblins
  3 jackals (D:3)
  20 kobolds
  6 quokkas
  4 ball pythons
  5 frilled lizards (D:2)
  2 goblin zombies (Ossuary)
  2 hobgoblin zombies (Ossuary)
  4 orc zombies (Ossuary)
  3 rats
371 creatures vanquished.

Vanquished Creatures (collateral kills)
  A shadow (D:10)
  A bullfrog (Lair:3)
  An orc priest (D:10)
  An orc wizard (D:10)
4 creatures vanquished.

Vanquished Creatures (others)
  A kobold brigand (D:7)
  An orc wizard (D:7)
  A bush (Lair:2)
  30 fungi
  26 plants
59 creatures vanquished.

Grand Total: 434 creatures vanquished

Notes
Turn   | Place    | Note
-------+----------+-------------------------------------------
     0 | D:1      | Zeldest the Draconian Reaver began the quest for the Orb.
     0 | D:1      | Reached XP level 1. HP: 17/17 MP: 3/3
   519 | D:1      | Reached XP level 2. HP: 21/25 MP: 5/5
   576 | D:1      | Found Xostriene's General Store.
  1216 | D:2      | Reached XP level 3. HP: 24/30 MP: 6/6
  1863 | D:3      | Reached XP level 4. HP: 33/37 MP: 7/7
  1985 | D:3      | Noticed Sigmund
  2072 | D:4      | Noticed Edmund
  2073 | D:4      | Noticed a phantom
  2122 | D:3      | Killed Sigmund
  2123 | D:3      | Reached XP level 5. HP: 17/45 MP: 6/9
  2254 | D:3      | Found a white marble altar of Elyvilon.
  2453 | D:3      | Found a bloodstained altar of Trog.
  2733 | D:3      | Reached XP level 6. HP: 51/52 MP: 10/10
  2764 | D:4      | Killed Edmund
  2977 | D:4      | Noticed Duvessa
  2978 | D:4      | Noticed Dowan
  2989 | D:4      | Killed Duvessa
  2990 | D:4      | Your scales start taking on a lurid green colour.
  2990 | D:4      | Reached XP level 7. HP: 57/59 MP: 12/12
  2990 | D:4      | Gained mutation: Your system is resistant to poisons.
                  | (rPois) [Green Draconian growth]
  3013 | D:4      | Killed Dowan
  3257 | D:4      | Found an opulent altar of Gozag.
  3701 | D:5      | Entered Level 5 of the Dungeon
  3775 | D:5      | Found a radiant altar of Vehumet.
  3864 | D:5      | Found a staircase to the Ecumenical Temple.
  3882 | D:5      | Reached skill level 5 in Axes
  3892 | Temple   | Entered the Ecumenical Temple
  3892 | Temple   | Found a transporter.
  3892 | Temple   | Found a transporter.
  4058 | Temple   | Found a transporter.
  4058 | Temple   | Found a transporter.
  4082 | Temple   | Became a worshipper of Ashenzari the Shackled
  4145 | D:4      | Reached skill level 5 in Conjurations
  4201 | D:5      | Reached skill level 5 in Fighting
  4201 | D:5      | Reached skill level 1 in Earth Magic
  4201 | D:5      | Reached XP level 8. HP: 68/68 MP: 14/14
  4649 | D:5      | You fall into a shaft and drop 3 floors!
  4654 | D:8      | Identified the staff of cold "Hyfayqotz" {rC+ Dex+5}
  4937 | D:7      | Learned a level 3 spell: Stone Arrow
  5267 | D:8      | Found a sand-covered staircase.
  5275 | Ossuary  | Entered an ossuary
  5631 | D:8      | Reached XP level 9. HP: 73/78 MP: 5/15
  6951 | D:7      | Noticed Joseph
  7050 | D:7      | Found Rehauneo's Distillery.
  7059 | D:7      | Bought a potion of heal wounds for 75 gold pieces
  7059 | D:7      | Bought a potion of mutation for 120 gold pieces
  7183 | D:7      | Killed Joseph
  7184 | D:7      | Reached skill level 5 in Earth Magic
  7617 | D:7      | Reached skill level 1 in Ranged Weapons
  7941 | D:7      | Reached XP level 10. HP: 81/88 MP: 16/16
  8114 | D:7      | Found a stormy altar of Qazlal.
  8515 | D:8      | Reached * piety under Ashenzari
  8515 | D:8      | Identified a scroll of acquirement
  8733 | D:8      | Reached skill level 1 in Evocations
  8801 | D:8      | Found a shimmering blue altar of Sif Muna.
  8894 | D:8      | Noticed a cyclops
  8909 | D:8      | Killed a cyclops
  9245 | D:9      | Found an ornate altar of the Wu Jian Council.
  9761 | D:10     | Entered Level 10 of the Dungeon
  9761 | D:10     | Noticed a boulder beetle
 10152 | D:10     | Noticed a two-headed ogre
 10152 | D:10     | Noticed Psyche
 10171 | D:10     | Killed a two-headed ogre
 10172 | D:10     | Reached XP level 11. HP: 88/95 MP: 17/17
 10224 | D:10     | Identified the cursed +0 pair of boots of Ashenzari's
                  | Pleiades {Range, Evo} (You found it on level 7 of the
                  | Dungeon)
 10236 | D:10     | Killed Psyche
 10237 | D:10     | Reached skill level 5 in Ranged Weapons
 10762 | D:10     | Noticed Gastronok
 11189 | D:11     | Noticed a boulder beetle
 11213 | D:11     | Killed a boulder beetle
 11214 | D:11     | Reached skill level 1 in Hexes
 11294 | D:11     | Identified the +0 plate armour of Duty {rC+}
 11436 | D:11     | Noticed a four-headed hydra
 11454 | D:11     | Killed a four-headed hydra
 11507 | D:11     | Found a staircase to the Orcish Mines.
 11561 | D:11     | Found a staircase to the Lair.
 12335 | D:11     | Noticed Grum
 12381 | D:11     | Killed Grum
 12597 | Lair:1   | Entered Level 1 of the Lair of Beasts
 12925 | Lair:1   | Noticed a death yak
 12962 | Lair:1   | Killed a death yak
 13431 | Lair:1   | Noticed a death yak
 13453 | Lair:1   | Noticed a death yak
 13462 | Lair:1   | Reached XP level 12. HP: 70/103 MP: 18/18
 13478 | Lair:1   | Killed a death yak
 13481 | Lair:1   | Killed a death yak
 13495 | Lair:1   | Reached skill level 10 in Earth Magic
 13736 | Lair:1   | Reached ** piety under Ashenzari
 13739 | Lair:1   | Acquired 823 gold pieces
 13873 | Lair:1   | Noticed a boulder beetle
 13902 | Lair:1   | Killed a boulder beetle
 14068 | Lair:1   | Reached skill level 10 in Conjurations
 14210 | Lair:2   | Noticed a death yak
 14210 | Lair:2   | Noticed a death yak
 14213 | Lair:2   | Noticed a death yak
 14223 | Lair:2   | Noticed a death yak
 14227 | Lair:2   | Noticed a death yak
 14374 | Lair:1   | Learned a level 4 spell: Leda's Liquefaction
 14881 | Lair:1   | Killed a death yak
 15071 | Lair:2   | Reached *** piety under Ashenzari
 15129 | Lair:2   | Killed a death yak
 15150 | Lair:2   | Killed a death yak
 15177 | Lair:2   | Killed a death yak
 15201 | Lair:2   | Killed a death yak
 16779 | Lair:3   | Noticed Nessos
 16779 | Lair:3   | Noticed a death yak
 16779 | Lair:3   | Noticed a death yak
 16779 | Lair:3   | Noticed a death yak
 16780 | Lair:3   | Noticed a death yak
 16805 | Lair:3   | Noticed a six-headed hydra
 16889 | Lair:3   | Noticed a death yak
 16889 | Lair:3   | Noticed a death yak
 17150 | Lair:1   | Killed a death yak
 17594 | Lair:2   | Reached XP level 13. HP: 93/106 MP: 19/19
 18848 | Lair:3   | Killed Nessos
 19009 | Lair:3   | Noticed Rupert
 19040 | Lair:3   | Killed Rupert
 19165 | Lair:3   | Found a staircase to the Swamp.
 19608 | Lair:3   | Found a runed translucent gate.
 19610 | Lair:3   | Found a runed translucent gate.
 19610 | Lair:3   | Found a runed translucent gate.
 19611 | Lair:3   | Noticed CornPuffBuddha's ghost (journeyman DrBe)
 19611 | Lair:3   | Identified the +7 broad axe of Weelul Hiega {vamp, rElec
                  | Str+4 SInv}
 20028 | Lair:3   | HP: 8/162 [17-headed hydra (13)]
 20028 | Lair:3   | Slain by a 17-headed hydra

Illustrated notes

Levels and vault maps discovered:
D:1:      dpeg_arrival_concentric_ovals, layout_basic, serial_shops,
          nicolae_shop_hallway_plus
D:2:      layout_basic
D:3:      layout_basic, lemuel_doored_altar, nicolae_elyvilon_peaceful_grove,
          minmay_between, uniq_sigmund
D:4:      layout_cave_pods, nicolae_gozag_cash_rules_everything_around_me,
          hangedman_abyss_or_decor_slice, uniq_duvessa, uniq_edmund
D:5:      minmay_octagon_keep, layout_basic, nicolae_vehumet_altar_sigil,
          minmay_temple_entry_butterflies
D:6:      layout_basic, minmay_manual_macuahuitl
D:7:      nicolae_cairo_tiling_very_big, layout_cave_pods,
          nicolae_qazlal_style_of_elements, serial_shops, shop,
          nicolae_zen_rock_garden, minmay_misc_feat_pillars,
          minmay_a_box_with_orc_wizards_in_it, uniq_joseph
D:8:      layout_basic, lemuel_tele_altar, gup_ossuary_entry_pyramid
D:9:      cheibrodos_steamvent, layout_loops_ring,
          nicolae_overflow_hidden_temple
D:10:     layout_roguey, grunt_ministairs_1, minmay_misc_feat_plants,
          uniq_psyche, uniq_gastronok
D:11:     layout_gridville, lair_entry_dummy, orc_0_dummy, uniq_grum
D:12:     layout_long_grid, minmay_diced_spiral
Temple:   hellmonk_temple_divided_pantheon
Lair:1:   layout_long_grid, nzn_sisyphean_effort
Lair:2:   layout_loops_ring, beast_lair_carwin_11, grunt_megastairs_1
Lair:3:   layout_layer_cave, swamp_mist, spider_nest_entry_web_field,
          gammafunk_ghost_hydra_chop, uniq_rupert, uniq_nessos

Skill      XL: |  1  2  3  4  5  6  7  8  9 10 11 12 13 |
---------------+----------------------------------------+-----
Dodging        | 2 3 |  3.9
Fighting       | 3 4 5 6 7 8 |  8.4
Axes           | 4 5 6 7 8 |  8.8
Spellcasting   | 3 4 |  4.4
Conjurations   | 4 5 6 7 8 9 11 12 | 12.1
Earth Magic    | 1 3 5 7 9 11 12 | 12.2
Ranged Weapons | 1 4 7 9 |  9.2
Evocations     | 4 |  4.2
Hexes          | 1 |  1.4

Action                     |  1- 3 |  4- 6 |  7- 9 | 10-12 | 13-15 || total
---------------------------+-------+-------+-------+-------+-------++-------
  Melee: Hand axe          |   166 |    78 |       |       |       ||   244
         Tailslap          |    15 |    17 |    85 |   177 |    31 ||   325
         Punch             |       |     2 |     7 |    13 |     1 ||    23
         Whip              |       |    70 |   497 |   831 |    94 ||  1492
         Broad axe         |       |       |       |       |    15 ||    15
   Fire: Sling             |       |       |    66 |   256 |   148 ||   470
  Throw: Throwing net      |       |       |       |     4 |       ||     4
   Cast: Kiss of Death     |       |     3 |     1 |     1 |     1 ||     6
         Stone Arrow       |       |       |    25 |    15 |    15 ||    55
         Leda's Liquefacti |       |       |       |     1 |       ||     1
 Invoke: Curse Item        |       |       |     1 |     4 |       ||     5
Ability: Breathe Noxious F |       |       |    13 |    64 |    18 ||    95
         Evoke Invisibilit |       |       |       |     1 |       ||     1
  Evoke: Box of beasts     |       |       |       |     2 |     1 ||     3
         Wand              |       |       |       |     7 |     4 ||    11
    Use: Potion            |       |       |     2 |     1 |     2 ||     5
         Scroll            |       |       |    12 |     9 |     3 ||    24
   Stab: Sleeping          |     2 |       |       |       |       ||     2
         Confused          |       |       |     8 |    25 |     2 ||    35
         Paralysed         |       |       |       |     4 |     9 ||    13
         Invisible         |       |       |       |     1 |       ||     1
 Armour: Skin              |    36 |    41 |   178 |   270 |    89 ||   614
  Dodge: Dodged            |   127 |   115 |   500 |   909 |   131 ||  1782
  Block: Other             |       |       |    27 |       |       ||    27
         Reflection        |       |       |     3 |       |       ||     3

Table legend: (Time is in decaauts)
 A = Elapsed time spent in this place.
 B = Non-inter-level travel time spent in this place.
 C = Inter-level travel time spent in this place.
 D = Time resting spent in this place.
 E = Time spent auto-exploring this place.
 F = Levels seen in this place.
 G = Mean time per level.
                   A        B        C        D        E       F      G
               +--------+--------+--------+--------+--------+-----+--------+
         Total |  20011 |  19069 |    942 |   6598 |   7077 |  17 | 1177.1 |
       Dungeon |  12149 |  11702 |    447 |   2563 |   5765 |  12 | 1012.4 |
        Temple |    216 |    216 |      0 |    175 |      0 |   1 |  216.0 |
          Lair |   7330 |   6836 |    494 |   3758 |   1276 |   3 | 2443.3 |
       Ossuary |    314 |    314 |      0 |    101 |     36 |   1 |  314.0 |
               +--------+--------+--------+--------+--------+-----+--------+

Top non-repeatable levels by time:
  Lair:2: 3575 daAuts
  Lair:1: 2830 daAuts
     D:7: 1529 daAuts
    D:11: 1437 daAuts
     D:9: 1264 daAuts
     D:6: 1245 daAuts
     D:8: 1196 daAuts
     D:3: 1072 daAuts
    D:10: 1000 daAuts
     D:4: 998 daAuts
  Lair:3: 924 daAuts
     D:2: 857 daAuts
     D:1: 819 daAuts
     D:5: 727 daAuts
 Ossuary: 314 daAuts
